 Dungeon Crawl Stone Soup version 0.26.0-10-g1f06aea511 (webtiles) character file.

Game seed: 745569688501654747

30 night the Grave Robber (level 3, -1/28 HPs)
             Began as a Gnoll Wanderer on Jan 22, 2021.
             Slain by an adder (3 damage)
             ... on level 2 of the Dungeon.
             The game lasted 00:02:02 (1088 turns).

night the Grave Robber (Gnoll Wanderer)             Turns: 1088, Time: 00:02:02

Health: -1/28      AC:  3    Str: 17    XL:     3   Next: 20%
Magic:  7/7        EV: 11    Int: 15    God:
Gold:   81         SH:  0    Dex: 11    Spells: 7/7 levels left

rFire    . . .     SeeInvis .   a - +0 club
rCold    . . .     Faith    .   (no shield)
rNeg     . . .     Spirit   .   g - +0 leather armour (curse)
rPois    .         Reflect  .   (no helmet)
rElec    .         Harm     .   (no cloak)
rCorr    .         Rampage  .   (no gloves)
Will     .....                  (no boots)
Stlth    +.........             (no amulet)
HPRegen  0.09/turn              (no ring)
MPRegen  0.10/turn              (no ring)

@: lethally poisoned (-1 -> -10), attractive, flying
A: distributed training, fangs 1, strong nose
a: no special abilities


You were on level 2 of the Dungeon.
You visited 1 branch of the dungeon, and saw 2 of its levels.

You collected 81 gold pieces.

Inventory:

Hand Weapons
 a - a +0 club (weapon)
Armour
 b - a +0 plate armour
 d - a +0 robe
 g - a cursed +0 leather armour (worn)
Jewellery
 j - an uncursed ring of wizardry {unknown}
Scrolls
 e - a scroll of amnesia {unknown}
 f - a scroll of identify {unknown}
 k - a scroll of remove curse {unknown}
Potions
 c - a potion of lignification
 h - a potion of attraction


   Skills:
 + Level 2.5 Fighting
 + Level 0.6 Short Blades
 + Level 0.6 Long Blades
 + Level 0.6 Axes
 + Level 0.6 Maces & Flails
 + Level 0.6 Polearms
 + Level 0.6 Staves
 + Level 0.6 Slings
 + Level 4.5 Bows
 + Level 0.6 Crossbows
 + Level 2.5 Throwing
 + Level 0.6 Armour
 + Level 0.6 Dodging
 + Level 0.6 Stealth
 + Level 2.5 Shields
 + Level 0.6 Unarmed Combat
 + Level 2.8 Spellcasting
 + Level 0.4 Conjurations
 + Level 0.4 Hexes
 + Level 0.4 Summonings
 + Level 7.1 Necromancy
 + Level 0.4 Translocations
 + Level 0.4 Transmutations
 + Level 0.4 Fire Magic
 + Level 0.4 Ice Magic
 + Level 0.4 Air Magic
 + Level 0.4 Earth Magic
 + Level 0.4 Poison Magic
 + Level 0.8 Invocations
 + Level 0.6 Evocations


You had 7 spell levels left.
You didn't know any spells.
Your spell library contained the following spells:

 Spells                   Type           Power        Failure   Level
 Animate Skeleton         Necr           46%          1%          1
 Pain                     Necr           92%          1%          1
 Vampiric Draining        Necr           11%          4%          3
 Animate Dead             Necr           11%          13%         4
 Poisonous Vapours        Pois/Air       6%           30%         2
 Swiftness                Air            3%           30%         2
 Agony                    Necr           23%          36%         5


Dungeon Overview and Level Annotations

Branches:
Dungeon (2/15)

Altars:


Innate Abilities, Weirdness & Mutations

Your experience applies equally to all skills.
You have very sharp teeth.
Your uncanny sense of smell can sniff out nearby items.


Message History

* * * LOW HITPOINT WARNING * * *
The adder bites you but does no damage.
You closely miss the adder. Your bite misses the adder.
The adder is heavily wounded.
The adder bites you.
* * * LOW HITPOINT WARNING * * *
The adder barely misses you.
It was a potion of attraction.
You feel attractive to monsters.
* * * LOW HITPOINT WARNING * * *
You feel sick. The adder bites you.
* * * LOW HITPOINT WARNING * * *
You are more poisoned.
The adder poisons you!
It was a potion of flight.
You feel very buoyant.
You fly up into the air.
* * * LOW HITPOINT WARNING * * *
You feel sick. The adder bites you.
You die...

.##.##...##..)#.#....#
........†.....#.#...#
.#....#.........<...#
.=.........#...##...#
........Kg.....##...#
.....###K#.#....#...###
..#.# #g#.#....#.....#
..#. #S#.#....#...#.# .
#@#.#....##..#.# #
#.#.#....##..#.#
#.#.###..##..#.#
#.#............#
#.############## #..
###


You could see an adder, a hobgoblin, a goblin and 2 kobolds.

Vanquished Creatures
  A dart slug (D:1)
  A leopard gecko (D:1)
  A ball python (D:1)
  2 giant cockroaches (D:1)
  A goblin (D:1)
  4 hobgoblins (D:1)
  8 bats
  4 kobolds (D:1)
  5 rats
27 creatures vanquished.

Notes
Turn   | Place    | Note
-------+----------+-------------------------------------------
     0 | D:1      | night the Gnoll Wanderer began the quest for the Orb.
     0 | D:1      | night set off with the following items: a +0 club, a potion
                  | of lignification, a +0 robe; and the following spells
                  | available to memorise: Animate Skeleton, Pain, Vampiric
                  | Draining, Animate Dead, Poisonous Vapours, Swiftness, Agony
     0 | D:1      | Reached XP level 1. HP: 17/17 MP: 4/4
   205 | D:1      | Reached XP level 2. HP: 19/23 MP: 5/5
   672 | D:1      | Reached XP level 3. HP: 25/28 MP: 7/7
  1088 | D:2      | Slain by an adder

Illustrated notes

Levels and vault maps discovered:
D:1:      tarquinn_simple_flora_water_c, layout_basic, minmay_tetromino_l2
D:2:      layout_basic, marbit_many_paths

Action                   || total
-------------------------++-------
Melee: Club              ||   126
       Bite              ||    11
  Use: Potion            ||     2
Armor: Plate armour      ||    73
       Leather armour    ||    19
Dodge: Dodged            ||    60
